 Dungeon Crawl Stone Soup version bcrawl-1.32 (webtiles) character file.

Game seed: 9178191627162232549

212967 Morbidden the Sneak (level 7, -5/44 HPs)
             Began as a Vine Stalker Rogue on July 1, 2021.
             Was an Initiate of Cheibriados.
             Killed by divine providence
             ... invoked by an orc priest
              (12 damage)
             ... on level 6 of the Dungeon.
             The game lasted 00:05:54 (4308 turns).

Morbidden the Sneak (Vine Stalker Rogue)            Turns: 4308, Time: 00:05:55

Health: -5/44      AC: 10    Str: 17      XL:     7   Next: 89%
Magic:  9/9        EV: 12    Int: 12      God:    Cheibriados [......]
Gold:   322        SH:  0    Dex: 15 (16) Spells: 6/6 levels left

rFire    + . .     SeeInvis .   a - +3 dagger
rCold    . . .     Gourm    .   (no shield)
rNeg     . . .     Faith    .   y - +1 ring mail {rF+}
rPois    +         Spirit   .   I - +2 hat
rElec    .         Reflect  .   d - +0 cloak
rCorr    .         Harm     .   (no gloves)
MR       .....                  u - +0 pair of boots
Stlth    +++.......             (no amulet)
HPRegen  0.54/turn              c - ring of poison resistance
MPRegen  0.11/turn              (no ring)

@: slowed, very slow
A: fangs 3, regeneration 1, no potion heal 3, rot immunity, strong jaws
a: Bend Time, Renounce Religion


You were on level 6 of the Dungeon.
You worshipped Cheibriados.
Cheibriados was noncommittal.
You were not hungry.

You visited 2 branches of the dungeon, and saw 7 of its levels.

You collected 322 gold pieces.

Inventory:

Hand Weapons
 a - a +3 dagger (weapon)
 b - a +0 longbow
 n - a +0 blowgun
 x - a +0 short sword of holy wrath
Missiles
 h - 429 poisoned needles
 j - 540 sling bullets
 z - 41 poisoned tomahawks (quivered)
 A - 764 arrows
Armour
 d - a +0 cloak (worn)
 u - a +0 pair of boots (worn)
 y - a +1 ring mail of fire resistance (worn)
 I - a +2 hat (worn)
Jewellery
 c - a ring of poison resistance (left hand)
Wands
 f - a wand of flame (15)
 g - a wand of enslavement (15)
 F - a wand of acid (6)
 H - a wand of polymorph (9)
Scrolls
 i - 5 scrolls of identify
 k - 11 scrolls of remove curse
 l - a scroll of noise
 m - 2 scrolls of fear
 r - 6 scrolls of amnesia
 t - a scroll of fog
Potions
 o - a potion of haste {unknown}
 p - a potion of brilliance {unknown}
 q - 2 potions of might {unknown}
 s - 3 potions of curing {unknown}
 v - 4 potions of ambrosia {unknown}
 w - a potion of cancellation {unknown}
 B - 2 potions of lignification {unknown}
 C - a potion of flight {unknown}
Comestibles
 e - 9 rations {!d}


   Skills:
 * Level 4.7 Fighting
 * Level 3.4 Short Blades
 + Level 3.2 Bows
 + Level 0.3 Throwing
 + Level 0.9 Armour
 * Level 3.2 Dodging
 + Level 7.2 Stealth
 + Level 1.9 Evocations


You had 6 spell levels left.
You didn't know any spells.
Your spell library was empty.

Dungeon Overview and Level Annotations

Branches:
Dungeon (6/12)             Temple (1/1) D:5

Altars:
Ashenzari
Cheibriados
Dithmenos
Elyvilon
Fedhas
Gozag
Hepliaklqana
Kikubaaqudgha
Lugonu
Makhleb
Nemelex Xobeh
Okawaru
Qazlal
Ru
Sif Muna
Trog
Uskayaw
Vehumet
Wu Jian
Xom
Yredelemnul
Zin
The Shining One

Annotations:
D:6 Eustachio


Innate Abilities, Weirdness & Mutations

You have razor-sharp teeth.
Your natural rate of healing is unusually fast.
Potions cannot restore your health.
You are immune to rotting.
Your bites deal extra damage.


Message History

The orc wizard hits you but does no damage.
You hit the orc priest.
The orc priest is almost dead.
The orc wizard points at you and mumbles some strange words.
The magic dart hits you.
* * * LOW HITPOINT WARNING * * *
The orc wizard hits you but does no damage.
The orc barely misses you. The orc hits you with a +0 short sword.
* * * LOW HITPOINT WARNING * * *
The orc wizard hits you with a +0 rapier.
* * * LOW HITPOINT WARNING * * *
Eustachio gestures wildly while chanting.
Unknown command.
Unknown command.
Unknown command.
Okay, then.
You hear the slow rusting of a distant drain.
The orc priest mumbles some strange prayers to Beogh against you.
Beogh smites you!
You die...

.....r.......
.............
.........@...#
.o........r...#
..............##
.....$..)).o....#
#.........ooo...##
.##..............<##
.....$#....oo@.....#
.....#...........##
............###..#
## ####......## ..#
#.. #......# .#
...## ##.#....# #
.....####.#....# #
#....##.#.....# .
#.............


You could see Eustachio, an orc priest, 2 orc wizards, a river rat and 3 orcs.

Vanquished Creatures
  A hungry ghost (D:6)
  Menkaure (D:5)
  2 scorpions (D:4)
  A crimson imp (D:4)
  A quasit (D:6)
  A hound (D:5)
  2 orc priests (D:4)
  A jelly (D:6)
  Ijyb (D:5)
  Terence (D:3)
  2 iguanas
  2 orc wizards
  A worker ant (D:5)
  An adder (D:4)
  A howler monkey skeleton (D:5)
  2 worms
  3 dart slugs
  A leopard gecko (D:2)
  6 orcs
  2 bats (D:1)
  8 hobgoblins
  4 jackals (D:4)
  A quokka (D:4)
  3 frilled lizards
  5 goblins
  A jackal zombie (D:6)
  8 kobolds
  3 rats
66 creatures vanquished.

Notes
Turn   | Place    | Note
-------+----------+-------------------------------------------
     0 | D:1      | Morbidden the Vine Stalker Rogue began the quest for the
                  | Orb.
     0 | D:1      | Reached XP level 1. HP: 12/12 MP: 3/3
    23 | D:1      | Reached skill level 6 in Stealth
   402 | D:1      | Reached XP level 2. HP: 15/17 MP: 4/4
   494 | D:1      | Reached skill level 1 in Dodging
  1300 | D:2      | Reached XP level 3. HP: 21/21 MP: 5/5
  1684 | D:3      | Noticed Terence
  1717 | D:3      | Killed Terence
  1718 | D:3      | Reached XP level 4. HP: 10/27 MP: 6/6
  2174 | D:4      | Reached XP level 5. HP: 32/32 MP: 7/7
  2251 | D:4      | Reached skill level 7 in Stealth
  2920 | D:5      | Entered Level 5 of the Dungeon
  2920 | D:5      | Found a staircase to the Ecumenical Temple.
  2946 | Temple   | Entered the Ecumenical Temple
  3369 | D:5      | Gained mutation: You have razor-sharp teeth. [Vine Stalker
                  | growth]
  3369 | D:5      | Reached XP level 6. HP: 26/37 MP: 8/8
  3537 | D:4      | Found an iron altar of Okawaru.
  3660 | D:5      | Reached skill level 1 in Bows
  3805 | D:5      | Found a burning altar of Makhleb.
  3827 | D:5      | Noticed Menkaure
  3831 | D:5      | Killed Menkaure
  3832 | D:5      | Reached XP level 7. HP: 23/43 MP: 9/9
  3863 | D:5      | Noticed Ijyb
  3897 | D:5      | Killed Ijyb
  4061 | D:5      | Noticed a blizzard demon
  4065 | D:5      | Noticed a hellwing
  4065 | D:5      | Noticed an orange demon
  4176 | D:5      | Found a glowing silver altar of Zin.
  4176 | D:5      | Found a snail-covered altar of Cheibriados.
  4197 | D:5      | Became a worshipper of Cheibriados the Contemplative
  4252 | D:6      | Noticed a hungry ghost
  4267 | D:6      | Killed a hungry ghost
  4304 | D:6      | Noticed Eustachio
  4308 | D:6      | Killed from afar by an orc priest

Skill      XL: |  1  2  3  4  5  6  7 |
---------------+----------------------+-----
Stealth        | 6 7 |  7.2
Short Blades   | 2 3 |  3.4
Dodging        | 1 2 3 |  3.2
Fighting       | 2 3 4 |  4.7
Bows           | 2 3 |  3.2
Throwing       | |  0.3
Armour         | |  0.9
Evocations     | |  1.9

Action                   |  1- 3 |  4- 6 |  7- 9 || total
-------------------------+-------+-------+-------++-------
Melee: Dagger            |    75 |    47 |     4 ||   126
       Bite              |     7 |     6 |       ||    13
       Unarmed           |       |       |     3 ||     3
 Fire: Blowgun           |    14 |       |       ||    14
       Longbow           |       |    47 |    45 ||    92
Throw: Tomahawk          |       |     5 |       ||     5
  Use: Scroll            |     1 |       |     7 ||     8
 Stab: Sleeping          |    13 |     4 |       ||    17
  Eat: Chunk             |     4 |     6 |     2 ||    12
       Ration            |       |     1 |     2 ||     3
Armor: Robe              |     9 |       |       ||     9
       Ring mail         |       |    41 |    36 ||    77
Dodge: Dodged            |    34 |    53 |    41 ||   128
